 Dungeon Crawl Stone Soup version 0.17-a0-1571-g3ed2ab2 (console) character file.

982 FIQ the Covered (level 8, -1/42 HPs)
             Began as a Vine Stalker Wanderer on July 24, 2015.
             Slain by an adder (2 damage)
             ... on level 4 of the Dungeon.
             The game lasted 00:19:28 (2976 turns).

FIQ the Covered (Vine Stalker Wanderer)             Turns: 2976, Time: 00:19:28

Health: -1/42      AC:  3    Str: 15    XL:     8   Next: 17%
Magic:  0/11       EV: 11    Int: 13    God:
Gold:   125        SH:  0    Dex: 18    Spells: 0 memorised, 7 levels left

rFire  + . .     SeeInvis +     f - -1 hammer (curse)
rCold  . . .     Clarity  .     b - +0 leather armour of the Tundras {rF+ Int+3} (curse)
rNeg   . . .     SustAt   .     (no shield)
rPois  .         Gourm    .     (no helmet)
rElec  .         Spirit   +     (no cloak)
rCorr  .         Warding  .     (no gloves)
rMut   .         Stasis   .     (no boots)
MR     +....                    (no amulet)
Stlth  +.........               (no ring)
                                d - ring of see invisible

@: somewhat resistant to hostile enchantments, very unstealthy
A: fangs 3, regeneration 2, magic shield, antimagic bite, no device heal 3, rot
immunity
a: no special abilities


You were on level 4 of the Dungeon.
You were not hungry.

You visited 1 branch of the dungeon, and saw 4 of its levels.
You also visited: Sewer.

You collected 125 gold pieces.

Inventory:

Hand weapons
 f - a cursed -1 hammer (weapon)
 i - a +0 mace
 k - a +0 whip
Armour
 a - a +2 scale mail
 b - the cursed +0 leather armour of the Tundras (worn) {rF+ Int+3}
   (You found it on level 4 of the Dungeon)

   It affects your intelligence (+3).
   It protects you from fire.
   It has a curse placed upon it.
 l - a +2 robe of cold resistance
Jewellery
 d - a ring of see invisible (left hand)
Magical devices
 c - a wand of random effects (11)
 q - a wand of fireball (11)
Scrolls
 e - a scroll of teleportation
 o - a scroll of amnesia
 r - 3 scrolls of identify
Potions
 j - a potion of magic
 n - a potion of curing
 p - a potion of heal wounds
Books
 m - a book of Ice

   Spells                             Type                      Level
   a - Ice Form                       Ice/Transmutation            4
   b - Metabolic Englaciation         Hexes/Ice                    5
   c - Ozocubu's Refrigeration        Ice                          6
   d - Bolt of Cold                   Conjuration/Ice              6
   e - Freezing Cloud                 Conjuration/Ice/Air          6
   f - Simulacrum                     Ice/Necromancy               6
Comestibles
 g - a beef jerky
 h - 3 meat rations
 s - 5 chunks of flesh
 z - 3 bread rations


   Skills:
 + Level 4.2 Fighting
 * Level 5.1 Maces & Flails
 + Level 5.6 Armour
   Level 1.0 Shields
 + Level 3.7 Evocations


You had 7 spell levels left.
You didn't know any spells.

Dungeon Overview and Level Annotations

Branches:
Dungeon (4/15)
 Temple: D:4-7

Altars:
Ashenzari
Zin


Innate Abilities, Weirdness & Mutations

You have razor-sharp teeth.
You heal very quickly.
When hurt, damage is shared between your health and your magic reserves.
Your bite disrupts and absorbs the magic of your enemies.
Potions and wands cannot restore your health.
You are immune to rotting.


Message History

The adder bites you.
* * * LOW HITPOINT WARNING * * *
Unknown command.
Drink which item? (? for menu, Esc to quit)
You feel better. The orc hits you with a falchion.
* * * LOW HITPOINT WARNING * * *
The orc wizard barely misses you. The adder bites you but does no damage.
Drink which item? (? for menu, Esc to quit)
Magic courses through your body. The orc wizard closely misses you.
The adder barely misses you. The orc hits you with a falchion.
* * * LOW HITPOINT WARNING * * *
You barely miss the orc wizard. Your bite misses the orc wizard.
The orc wizard is severely wounded.
The adder bites you but does no damage. The orc wizard barely misses you.
The orc hits you with a falchion.
* * * LOW HITPOINT WARNING * * *
You hit the orc wizard.
You kill the orc wizard!
The adder bites you.
You die...

#...
................###
#...........).........
.#..................###
.'..................#
#..................#
#..........#######.#
#..........#######.#
#................#.#
##.......)........#.#
#......#####......#.#
#.....@# +.........
#....o)S# #......#.
#.......# #......#
#........ ...#+#.#
#.<......# ##.# ..
#......... .#
#######..## ...


You could see an adder and an orc.

Vanquished Creatures
  Sigmund (D:3)
  Eustachio (D:4)
  A centaur (D:3)
  3 big kobolds (Sewer)
  Crazy Yiuf (D:3)
  Jessica (D:3)
  A hound (D:4)
  Terence (D:3)
  2 orc wizards (D:4)
  A river rat (Sewer)
  12 adders
  3 oozes (D:3)
  An adder skeleton (D:4)
  6 worms
  3 giant geckos
  An orc (D:3)
  2 bat skeletons (D:4)
  5 giant cockroaches
  10 goblins
  7 hobgoblins
  11 jackals
  9 kobolds
  7 bats
  4 giant newts
  10 rats
  A fungus (D:3)
105 creatures vanquished.

Notes
Turn   | Place    | Note
--------------------------------------------------------------
     0 | D:1      | FIQ the Vine Stalker Wanderer began the quest for the Orb.
     0 | D:1      | FIQ set off with: a +2 scale mail, a potion of lignification, a wand of random effects (15), a +0 dagger, a bread ration
     0 | D:1      | Reached XP level 1. HP: 11/11 MP: 2/2
   157 | D:1      | Reached XP level 2. HP: 16/16 MP: 1/3
   343 | D:1      | Reached skill level 1 in Maces & Flails
   350 | D:1      | Reached XP level 3. HP: 17/19 MP: 3/5
   868 | D:2      | Reached XP level 4. HP: 23/23 MP: 6/6
   907 | D:2      | Found a shattered altar of Ashenzari.
  1351 | D:3      | Noticed Sigmund
  1360 | D:3      | Killed Sigmund
  1360 | D:3      | Reached XP level 5. HP: 16/28 MP: 4/7
  1360 | D:3      | Gained mutation: You heal very quickly. [Vine Stalker growth]
  1360 | D:3      | Reached XP level 6. HP: 18/32 MP: 4/8
  1407 | D:3      | Noticed Jessica
  1420 | D:3      | Killed Jessica
  1423 | D:3      | Reached skill level 5 in Armour
  1662 | D:3      | Noticed a centaur
  1684 | D:3      | Killed a centaur
  1745 | D:3      | Found a glowing drain.
  1777 | D:3      | Reached XP level 7. HP: 36/36 MP: 8/10
  1814 | Sewer    | Entered a sewer
  2155 | D:3      | Noticed Terence
  2189 | D:3      | Killed Terence
  2447 | D:3      | Found a glowing silver altar of Zin.
  2553 | D:3      | Noticed Crazy Yiuf
  2585 | D:3      | Killed Crazy Yiuf
  2682 | D:4      | Noticed Eustachio
  2749 | D:4      | Killed Eustachio
  2749 | D:4      | Gained mutation: You have razor-sharp teeth. [Vine Stalker growth]
  2749 | D:4      | Reached XP level 8. HP: 3/42 MP: 2/11
  2825 | D:4      | Got a shimmering leather armour
  2836 | D:4      | Identified the cursed +0 leather armour of the Tundras {rF+ Int+3} (You found it on level 4 of the Dungeon)
  2964 | D:4      | Reached skill level 5 in Maces & Flails
  2972 | D:4      | HP: 2/42 [adder (2)]
  2976 | D:4      | Slain by an adder

Vault maps used:
D:1:      saegor_arrival_simple_e
D:2:      ashenzari_altar_1, minmay_misc_feat_pillars
D:3:      lemuel_coloured_pillars_altar, gup_sewer_entry_glass,
          corexii_corridor_pit, st_stairs_14, uniq_terence, uniq_jessica,
          uniq_crazy_yiuf_cottage, uniq_sigmund
D:4:      minmay_temple_entry_glassed_door, first_bread,
          small_statue_intersection, kennysheep_pointless_box, uniq_eustachio
Sewer:    sewer_kobold_necro_badplayer

Action                   |  1- 3 |  4- 6 |  7- 9 || total
-------------------------+-------+-------+-------++-------
Melee: Club              |    74 |       |       ||    74
       Dagger            |     9 |       |       ||     9
       Mace              |    53 |    56 |       ||   109
       Whip              |       |   103 |   169 ||   272
       Hammer            |       |       |   100 ||   100
Evoke: Wand              |       |     2 |     3 ||     5
  Use: Scroll            |     4 |     2 |     2 ||     8
       Potion            |     5 |     3 |     9 ||    17
  Eat: Chunk             |       |     4 |     5 ||     9
